 Dungeon Crawl Stone Soup version 0.29-a0-1006-g0dd7720b37 (webtiles) character file.

Game seed: 8680653300554725540

107 drpainis the Chopper (level 4, -9/41 HPs)
             Began as a Hill Orc Monk on Aug 6, 2022.
             Mangled by an ice beast (12 damage)
             ... on level 2 of the Dungeon.
             The game lasted 00:03:53 (2632 turns).

drpainis the Chopper (Hill Orc Monk)                Turns: 2632, Time: 00:03:54

Health: -9/41      AC: 16    Str: 15    XL:     4   Next: 85%
Magic:  4/4        EV:  7    Int: 10    God:
Gold:   89         SH:  0    Dex: 13    Spells: 3/3 levels left

rFire   . . .      SeeInvis .   a - +0 hand axe
rCold   . . .      Faith    .   (no shield)
rNeg    . . .      Spirit   .   o - +7 chain mail of Fitte {rPois}
rPois   +          Reflect  .   g - +0 helmet
rElec   .          Harm     .   (no cloak)
rCorr   .          Rampage  .   (no gloves)
Will    .....                   (no boots)
Stlth   ..........              (no amulet)
HPRegen 0.13/turn               (no ring)
MPRegen 0.09/turn               (no ring)

@: no status effects
A: no striking features
a: no special abilities


You were on level 2 of the Dungeon.
You visited 1 branch of the dungeon, and saw 3 of its levels.

You collected 89 gold pieces.

Inventory:

Hand Weapons
 a - a +0 hand axe (weapon)
Missiles
 i - 3 javelins (quivered)
Armour
 b - a +0 robe
 g - a +0 helmet (worn)
 h - a +0 ring mail
 j - a +0 plate armour
 o - the +7 chain mail of Fitte (worn) {rPois}
   (You found it on level 3 of the Dungeon)

   rPois:     It protects you from poison.
Scrolls
 d - 2 scrolls of butterflies
 e - a scroll of enchant weapon
 k - a scroll of silence {unknown}
 l - a scroll of identify
 m - a scroll of immolation {unknown}
 p - a scroll of teleportation {unknown}
 q - a scroll of brand weapon {unknown}
Potions
 c - a potion of ambrosia
 f - a potion of magic {unknown}
 n - a potion of haste {unknown}
 r - a potion of attraction {unknown}


   Skills:
 + Level 4.7 Fighting
 + Level 5.4 Axes
 + Level 0.1 Armour
 + Level 2.8 Dodging
 + Level 2.0 Stealth


You had 3 spell levels left.
You didn't know any spells.
Your spell library contained the following spells:

 Spells                   Type           Power      Damage    Failure   Level
 Sting                    Tmut/Pois      0%         1d3       100%        1
 Blink                    Tloc           0%         N/A       100%        2
 Poisonous Vapours        Pois/Air       0%         N/A       100%        2
 Lesser Beckoning         Tloc           0%         N/A       100%        3
 Olgreb's Toxic Radiance  Pois           0%         N/A       100%        4
 Manifold Assault         Tloc           0%         N/A       100%        5
 Borgnjor's Revivificati  Necr           0%         N/A       100%        8
 Necromutation            Tmut/Necr      0%         N/A       100%        8
 Death's Door             Necr           0%         N/A       100%        9


Dungeon Overview and Level Annotations

Branches:
Dungeon (3/15)

Altars:
Cheibriados


Message History

The ice beast is lightly wounded.
The ice beast hits you but does no damage.
You hit the ice beast.
The ice beast is moderately wounded.
The ice beast hits you but does no damage.
You barely miss the ice beast.
The ice beast is moderately wounded.
The ice beast hits you but does no damage.
You hit the ice beast but do no damage.
The ice beast is moderately wounded.
The ice beast hits you. The ice beast freezes you!
You barely miss the ice beast.
The ice beast is moderately wounded.
The ice beast hits you but does no damage.
The ice beast barely misses you.
You hit the ice beast.
The ice beast is moderately wounded.
The ice beast hits you. The ice beast freezes you!
* * * LOW HITPOINT WARNING * * *
You hit the ice beast but do no damage.
The ice beast is moderately wounded.
The ice beast hits you but does no damage.
You hit the ice beast but do no damage.
The ice beast is moderately wounded.
The ice beast hits you but does no damage.
You hit the ice beast.
The ice beast is heavily wounded.
The ice beast closely misses you.
You hit the ice beast but do no damage.
The ice beast is heavily wounded.
The ice beast barely misses you.
You barely miss the ice beast.
The ice beast is heavily wounded.
The ice beast hits you but does no damage.
You hit the ice beast.
The ice beast is heavily wounded.
The ice beast hits you.
* * * LOW HITPOINT WARNING * * *
The ice beast freezes you!
You die...

.................# #.....####.#..
.P..P...........#####...### #.#.#
.......#......#.##≈≈≈~~~≈≈###.#.#
#....###..†...#.#####...####....#
###### #......#...###..##.......#
# ##...####................# #
#~~≈≈≈≈#..#######.......# #
##...####................# #
##......##@................
#######.......##Y..........######
........#....###.........######
######.#..######.........# #.###
#.......## #............# #....
#.......####............# ##...
#.......#~~~~.≈~........# ####
#######..≈.♣~~~.........# #
#..~~..~~..<..>...#


You could see an ice beast.

Vanquished Creatures
  5 adders
  2 dart slugs (D:1)
  5 orcs
  4 endoplasms
  2 giant cockroaches
  4 goblins
  4 hobgoblins (D:1)
  4 jackals (D:1)
  A quokka (D:1)
  5 ball pythons
  3 bats
  2 frilled lizards
  4 kobolds
  6 rats
51 creatures vanquished.

Notes
Turn   | Place    | Note
-------+----------+-------------------------------------------
     0 | D:1      | drpainis the Hill Orc Monk began the quest for the Orb.
     0 | D:1      | Reached XP level 1. HP: 19/19 MP: 1/1
   427 | D:1      | Reached XP level 2. HP: 26/27 MP: 2/2
   491 | D:1      | Found a faded altar of an unknown god.
   896 | D:1      | Reached XP level 3. HP: 29/33 MP: 3/3
  1433 | D:2      | Reached skill level 5 in Axes
  1433 | D:2      | Reached XP level 4. HP: 30/40 MP: 4/4
  2417 | D:3      | Identified the +7 chain mail of Fitte {rPois}
  2548 | D:3      | Found a snail-covered altar of Cheibriados.
  2568 | D:3      | Noticed an ice beast
  2632 | D:2      | Mangled by an ice beast

Illustrated notes

Levels and vault maps discovered:
D:1:      grunt_arrival_crossed_arrows, layout_rooms,
          hellmonk_ecumenical_altar_heavens_door, minmay_misc_feat_ornament
D:2:      layout_rooms, serial_rivers, chequers_serial_rivers_room_a,
          chequers_serial_rivers_marsh, chequers_serial_rivers_micro_b,
          chequers_serial_rivers_micro_a, chequers_serial_rivers_micro_b,
          minmay_misc_feat_plants
D:3:      layout_basic, overflow_temple_1_default,
          amethyst_overflow_temple_binary

Skill      XL: |  1  2  3 |
---------------+----------+-----
Fighting       | 4 |  4.7
Stealth        | 2 |  2.0
Axes           | 5 |  5.4
Armour         | |  0.1
Dodging        | |  2.8

Action                   |  1- 3 |  4- 6 || total
-------------------------+-------+-------++-------
Melee: Hand axe          |   105 |    99 ||   204
       Punch             |       |     1 ||     1
Throw: Javelin           |     3 |       ||     3
  Use: Scroll            |       |     2 ||     2
 Stab: Sleeping          |     3 |       ||     3
Armor: Robe              |    15 |       ||    15
       Plate armour      |    23 |    48 ||    71
       Ring mail         |     5 |       ||     5
       Chain mail        |       |    59 ||    59
Dodge: Dodged            |    60 |    41 ||   101

Table legend: (Time is in decaauts)
 A = Elapsed time spent in this place.
 B = Non-inter-level travel time spent in this place.
 C = Inter-level travel time spent in this place.
 D = Time resting spent in this place.
 E = Time spent auto-exploring this place.
 F = Levels seen in this place.
 G = Mean time per level.
                   A        B        C        D        E       F      G
               +--------+--------+--------+--------+--------+-----+--------+
         Total |   2650 |   2603 |     47 |    728 |   1204 |   3 |  883.3 |
       Dungeon |   2650 |   2603 |     47 |    728 |   1204 |   3 |  883.3 |
               +--------+--------+--------+--------+--------+-----+--------+

Top non-repeatable levels by time:
     D:1: 1301 daAuts
     D:2: 985 daAuts
     D:3: 364 daAuts
